 Dungeon Sprint DCSS version 0.29.1-13-g9f3cf754e1 (webtiles) character file.

Game seed: 602969693201619130

10582 Groucho the Spry (level 11, -10/47 HPs)
             Began as a Spriggan Enchanter on Jan 21, 2023.
             Was the Champion of Dithmenos.
             Mangled by a golden dragon (34 damage)
             ... in the Dungeon (Sprint I: "Red Sonja").
             The game lasted 00:10:40 (2347 turns).

Groucho the Spry (Spriggan Enchanter)               Turns: 2347, Time: 00:10:41

Health: -10/47     AC:  7    Str: 17    XL:     11   Next: 38%
Magic:  24/30      EV: 31    Int: 18    God:    Dithmenos [******]
Gold:   602        SH:  0    Dex: 18    Spells: 27/38 levels left

rFire   + . .      SeeInvis +   n - +1 dagger (venom)
rCold   x . .      Faith    .   (no shield)
rNeg    . . .      Spirit   .   m - +2 robe of the Endless Expanse {Str+3}
rPois   .          Reflect  .   (helmet restricted)
rElec   +          Harm     .   l - +2 cloak {Stlth+}
rCorr   .          Rampage  .   (gloves unavailable)
Will    +....      NoTele   +   (boots unavailable) Stlth ****++++++
                                (no amulet)
HPRegen 0.15/turn               p - ring of fire
MPRegen 0.22/turn               o - ring of Elyvilon's Indignation {Fly rElec Str+6 Dex+3}

@: confusing by touch, flying, wreathed by umbra, very quick
A: very small, no large weapons, unfitting armour, see invisible, speed 3
a: Renounce Religion, Shadow Step, Shadow Form


You were in the Dungeon.
You worshipped Dithmenos.
Dithmenos was exalted by your worship.
You visited 1 branch You collected 2006 gold pieces.
You spent 1404 gold pieces at shops.

Inventory:

Hand Weapons
 a - a +1 dagger
 n - a +1 dagger of venom (weapon)
Armour
 l - a +2 cloak of stealth (worn)
 m - the +2 robe of the Endless Expanse (worn) {Str+3}
   (You bought it in a shop in the Dungeon)

   Str:       It affects your strength (+3).
Jewellery
 c - a +4 ring of evasion
 o - the ring of Elyvilon's Indignation (right hand) {Fly rElec Str+6 Dex+3}
   (You bought it in a shop in the Dungeon)

   [ring of flight]

   Str:       It affects your strength (+6).
   Dex:       It affects your dexterity (+3).
   rElec:     It insulates you from electricity.
   Fly:       It grants you flight.
 p - a ring of fire (left hand)
Wands
 b - a wand of digging (4)
Scrolls
 i - a scroll of immolation {unknown}
 k - a scroll of identify {unknown}
 q - a scroll of fear {unknown}
Potions
 d - a potion of curing
 e - a potion of might {unknown}
 f - 3 potions of haste
 g - 3 potions of magic
 h - a potion of berserk rage
 j - a potion of degeneration {unknown}


   Skills:
 - Level 10.0 Short Blades
 + Level 18.0 Dodging
 - Level 16.0 Stealth
 - Level 14.0 Spellcasting
 - Level 14.0 Hexes
 * Level 14.0 Invocations


You had 27 spell levels left.
You knew the following spells:

 Your Spells              Type           Power      Damage    Failure   Level
a - Ensorcelled Hibernat  Hex/Ice        74%        N/A       1%          2
b - Confusing Touch       Hex            58%        N/A       1%          3
c - Dazzling Flash        Conj/Hex       74%        N/A       1%          3
d - Tukima's Dance        Hex            58%        N/A       1%          3

Your spell library contained the following spells:

 Spells                   Type           Power      Damage    Failure   Level


Dungeon Overview and Level Annotations

Branches:
Dungeon (1/1)

Altars:
Cheibriados
Dithmenos
Elyvilon
Fedhas
Gozag
Hepliaklqana
Kikubaaqudgha
Makhleb
Nemelex Xobeh
Okawaru
Qazlal
Ru
Sif Muna
Trog
Uskayaw
Vehumet
Wu Jian
Xom
Yredelemnul
Zin
The Shining One
Jiyva
Lugonu

Shops:
D *[[[?[*[![(!=(([?


Innate Abilities, Weirdness & Mutations

You are very small and have problems with some larger weapons.
You are too small for most types of armour.
You have supernaturally acute eyesight. (SInv)
You cover ground extremely quickly. (Speed+++)


Message History

A shadow dragon and a golden dragon come into view.
The shadow dragon moves out of view.
The golden dragon moves out of view.
Found a pair of distressingly furry gloves, a book of Fire and 270 gold pieces.
There is an open door here.
Found 108 gold pieces.
Found 139 gold pieces, a leather armour, a runed spear and a mace.
The helpless shadow dragon fails to defend itself.
You skewer the shadow dragon like a kebab!!!!
The shadow dragon looks as sick as possible!
The shadow dragon is almost dead.
Your shadow hits the shadow dragon but does no damage.
The golden dragon roars deafeningly!
The shadow dragon completely misses you.
The shadow dragon misses you.
The shadow dragon completely misses you.
Unknown command.
Casting: Ensorcelled Hibernation (safe; 1% risk of failure)
Confirm with . or Enter, or press ? or * to list all spells.
Casting: Dazzling Flash (safe; 1% risk of failure)
Press: ? - help, Dir - look around, f - activate You kill the shadow dragon!
Dithmenos accepts your kill. The golden dragon breathes fire at you.
The bolt of fire hits you!! You resist.
You emit a cloud of dark smoke.
Your Dodging skill increases to level 18!
Your Invocations skill increases to level 14!
Unknown command.
Unknown command.
Casting: Dazzling Flash (safe; 1% risk of failure)
Confirm with . or Enter, or press ? or * to list all spells.
Your hands begin to glow red.
The golden dragon completely misses you.
The golden dragon claws you.
The golden dragon completely misses you.
You hit the golden dragon but do no damage.
Your shadow completely misses the golden dragon.
You hit the golden dragon but do no damage.
The golden dragon bites you!!
Ouch! That really hurt!
You die...

§§#######+#§§§..#
#+# #§....#
##§§§§# ###'##
#§####+#
##'#§§§.##
##.§§§§§§.##
#..§§§§.§..#
#..§§@§§...#
#....§§D§....#
#...§§§§§....#
##..........##
#$$$$$$$$$$#
##$$$$$$$$##
##$$[)$)##
########


You could see a golden dragon.

Vanquished Creatures
  A shadow dragon (D)
  2 centaur warriors (D)
  A hydra (D)
  Sonja (D)
  A deep troll (D)
  A lindwurm (D)
  An oklob plant (D)
  4 demonic crawlers (D)
  2 kobold demonologists (D)
  2 unseen horrors (D)
  A hornet (D)
  A slime creature (D)
  Sigmund (D)
  2 redbacks (D)
  A yak (D)
  13 hogs (D)
  3 floating eyes (D)
  An ogre (D)
  7 necrophages (D)
  8 jellies (D)
  Ijyb (D)
55 creatures vanquished.

Vanquished Creatures (others)
  A gargoyle (D)
1 creature vanquished.

Grand Total: 56 creatures vanquished

Notes
Turn   | Place    | Note
-------+----------+-------------------------------------------
     0 | D        | Groucho the Spriggan Enchanter began the quest for the Orb.
     0 | D        | Reached XP level 1. HP: 9/9 MP: 5/5
     3 | D        | Noticed Ijyb
     6 | D        | Killed Ijyb
     7 | D        | Reached XP level 2. HP: 13/13 MP: 6/8
     9 | D        | Noticed an ogre
    11 | D        | Killed an ogre
    12 | D        | Reached skill level 10 in Stealth
    12 | D        | Reached skill level 5 in Spellcasting
    12 | D        | Reached XP level 3. HP: 16/16 MP: 7/11
    12 | D        | Reached XP level 4. HP: 21/21 MP: 7/12
    13 | D        | Noticed Sigmund
    16 | D        | Killed Sigmund
    17 | D        | Reached XP level 5. HP: 24/24 MP: 7/15
    17 | D        | Reached XP level 6. HP: 28/28 MP: 7/17
    24 | D        | Found a burning altar of Makhleb.
    24 | D        | Found a shimmering altar of Xom.
    24 | D        | Noticed a slime creature
    25 | D        | Found a viscous altar of Jiyva.
    25 | D        | Found a corrupted altar of Lugonu.
    67 | D        | Found an ornate altar of the Wu Jian Council.
    67 | D        | Found a shimmering blue altar of Sif Muna.
    69 | D        | Found a radiant altar of Vehumet.
   455 | D        | Found Ynunifot's Armour Emporium.
   455 | D        | Found an ancient bone altar of Kikubaaqudgha.
   455 | D        | Found a hazy altar of Hepliaklqana.
   455 | D        | Found a stormy altar of Qazlal.
   455 | D        | Found a hide-covered altar of Uskayaw.
   455 | D        | Found a blossoming altar of Fedhas.
   455 | D        | Found a bloodstained altar of Trog.
   455 | D        | Found an iron altar of Okawaru.
   455 | D        | Found a basalt altar of Yredelemnul.
   455 | D        | Found a glowing golden altar of the Shining One.
   455 | D        | Found a snail-covered altar of Cheibriados.
   455 | D        | Found a sacrificial altar of Ru.
   455 | D        | Found a glowing silver altar of Zin.
   455 | D        | Found a shadowy altar of Dithmenos.
   455 | D        | Found a white marble altar of Elyvilon.
   455 | D        | Noticed a yak
   467 | D        | Learned a level 2 spell: Ensorcelled Hibernation
   471 | D        | Learned a level 3 spell: Confusing Touch
   475 | D        | Learned a level 3 spell: Dazzling Flash
   479 | D        | Learned a level 3 spell: Tukima's Dance
   501 | D        | Killed a yak
   814 | D        | Found an opulent altar of Gozag.
   830 | D        | Found a sparkling altar of Nemelex Xobeh.
   838 | D        | Became a worshipper of Dithmenos the Shadowed
   856 | D        | Noticed a centaur warrior
   857 | D        | Noticed a centaur warrior
   858 | D        | Killed a centaur warrior
   859 | D        | Reached skill level 6 in Dodging
   859 | D        | Reached skill level 10 in Hexes
   859 | D        | Reached XP level 7. HP: 32/32 MP: 19/21
   859 | D        | Reached XP level 8. HP: 36/36 MP: 19/22
   859 | D        | Killed a centaur warrior
   860 | D        | Reached skill level 8 in Dodging
   860 | D        | Reached skill level 10 in Spellcasting
   868 | D        | Noticed a hornet
   871 | D        | Killed a hornet
   871 | D        | Reached * piety under Dithmenos
   872 | D        | Reached skill level 10 in Short Blades
   882 | D        | Noticed an oklob plant
   884 | D        | Killed an oklob plant
   885 | D        | Reached skill level 10 in Dodging
   885 | D        | Reached XP level 9. HP: 39/39 MP: 22/25
   895 | D        | Reached ** piety under Dithmenos
   907 | D        | Reached skill level 11 in Dodging
   933 | D        | Reached *** piety under Dithmenos
  1398 | D        | Noticed an unseen horror
  1398 | D        | Noticed an unseen horror
  1404 | D        | Killed an unseen horror
  1406 | D        | Killed an unseen horror
  1406 | D        | Reached **** piety under Dithmenos
  1407 | D        | Reached skill level 12 in Dodging
  1409 | D        | Found Vynysod's Antique Weapon Boutique.
  1409 | D        | Found Juroshru's Antique Armour Shoppe.
  1412 | D        | Found Agoil's Magic Scroll Boutique.
  1412 | D        | Found Daezeg Tano's Weapon Emporium.
  1423 | D        | Found Hoily's Magic Scroll Emporium.
  1449 | D        | Reached ***** piety under Dithmenos
  1481 | D        | Identified the +5 quarterstaff of the Shining Light {flame,
                  | Int+2 Dex+4}
  1489 | D        | Reached skill level 13 in Dodging
  1502 | D        | Found Laidduiv's Armour Shop.
  1504 | D        | Found Efufruq's Armour Emporium.
  1504 | D        | Found Dap Fih's Assorted Antiques.
  1504 | D        | Found Agappoo's Armour Shoppe.
  1504 | D        | Found Laawkyd's Distillery.
  1504 | D        | Found Utiasog's Antique Armour Emporium.
  1504 | D        | Found Dobeq's Antique Weapon Shop.
  1504 | D        | Found Nivoun's Distillery.
  1508 | D        | Found Acyotul's Jewellery Boutique.
  1671 | D        | Killed a gargoyle
  1675 | D        | Noticed a deep troll
  1677 | D        | Killed a deep troll
  1678 | D        | Reached XP level 10. HP: 44/44 MP: 29/29
  1689 | D        | Found Norchi's Armour Emporium.
  1693 | D        | Bought a +2 cloak of stealth for 236 gold pieces
  1693 | D        | Bought the +2 robe of the Endless Expanse {Str+3} for 264
                  | gold pieces
  1716 | D        | Noticed Sonja
  1719 | D        | Killed Sonja
  1720 | D        | Reached skill level 14 in Dodging
  1740 | D        | Found Ajasued's General Store.
  1791 | D        | Bought the ring of Elyvilon's Indignation {Fly rElec Str+6
                  | Dex+3} for 604 gold pieces
  1888 | D        | Reached ****** piety under Dithmenos
  1889 | D        | Reached skill level 15 in Dodging
  1897 | D        | Reached skill level 10 in Invocations
  1912 | D        | Noticed a lindwurm
  1915 | D        | Killed a lindwurm
  1916 | D        | Reached skill level 16 in Dodging
  1937 | D        | Reached XP level 11. HP: 46/47 MP: 21/30
  1946 | D        | Reached skill level 17 in Dodging
  1950 | D        | Noticed a 12-headed hydra
  1952 | D        | Killed a 12-headed hydra
  2224 | D        | Bought a ring of fire for 300 gold pieces
  2338 | D        | Noticed a shadow dragon
  2338 | D        | Noticed a golden dragon
  2344 | D        | Killed a shadow dragon
  2345 | D        | Reached skill level 18 in Dodging
  2347 | D        | Mangled by a golden dragon

Illustrated notes

Levels and vault maps discovered:
D:        dungeon_sprint_1 [red_sonja_temple_1, red_sonja_temple_small_1]

Skill      XL: |  1  2  3  4  5  6  7  8  9 10 11 |
---------------+----------------------------------+-----
Short Blades   | 2 4 6 8 10 | 10.0
Stealth        | 7 10 12 16 | 16.0
Spellcasting   | 4 5 7 9 11 14 | 14.0
Hexes          | 4 6 7 10 12 14 | 14.0
Dodging        | 6 10 13 16 18 | 18.0
Invocations    | 4 11 14 | 14.0

Action                   |  1- 3 |  4- 6 |  7- 9 | 10-12 || total
-------------------------+-------+-------+-------+-------++-------
Melee: Dagger            |     3 |    18 |    71 |    28 ||   120
       Punch             |       |     1 |     1 |       ||     2
 Cast: Ensorcelled Hiber |       |     4 |     4 |     3 ||    11
       Confusing Touch   |       |     1 |     7 |     1 ||     9
       Dazzling Flash    |       |       |       |     1 ||     1
Invok: Shadow Form       |       |       |       |     1 ||     1
  Use: Potion            |     1 |     2 |       |       ||     3
       Scroll            |       |     1 |       |       ||     1
 Stab: Sleeping          |     2 |     3 |    14 |    26 ||    45
       Invisible         |     1 |     1 |     1 |       ||     3
       Confused          |       |     2 |     7 |       ||     9
Armor: Robe              |       |     1 |       |       ||     1
Dodge: Dodged            |     1 |     5 |    25 |     5 ||    36
